 Dungeon Crawl Stone Soup version 0.28.0-53-g5a82cb258f (webtiles) character file.

Game seed: 12416844106915401138

12 ChickenMitten the Caller (level 2, 0/17 HPs)
             Began as an Octopode Summoner on Aug 6, 2022.
             Slain by a hobgoblin (4 damage)
             ... on level 1 of the Dungeon.
             The game lasted 00:01:08 (587 turns).

ChickenMitten the Caller (Octopode Summoner)         Turns: 587, Time: 00:01:09

Health: 0/17       AC:  1    Str:  7    XL:     2   Next: 33%
Magic:  3/5        EV: 13    Int: 17    God:
Gold:   29         SH:  0    Dex: 12    Spells: 4/5 levels left

rFire   . . .      SeeInvis .   (no weapon)
rCold   . . .      Faith    .   (no shield)
rNeg    . . .      Spirit   .   (helmet restricted)
rPois   .          Reflect  .   (no amulet)
rElec   .          Harm     .   (no ring)
rCorr   .          Rampage  .   (no ring)
Will    .....                   (no ring)
Stlth   +++.......              (no ring)
HPRegen 0.05/turn               (no ring)
MPRegen 0.09/turn               (no ring)
                                (no ring)
                                (no ring)

@: no status effects
A: almost no armour, amphibious, 8 rings, camouflage 1, gelatinous body 1,
(nimble swimmer 1), tentacles
a: no special abilities


You were on level 1 of the Dungeon.
You visited 1 branch of the dungeon, and saw 2 of its levels.

You collected 29 gold pieces.

Inventory:

Scrolls
 a - a scroll of amnesia {unknown}
 c - a scroll of identify {unknown}
 d - a scroll of enchant weapon {unknown}
Potions
 b - a potion of brilliance {unknown}


   Skills:
 - Level 2.0 Dodging
 - Level 2.6 Stealth
 * Level 2.0 Spellcasting
 * Level 4.5 Summonings


You had 4 spell levels left.
You knew the following spells:

 Your Spells              Type           Power      Damage    Failure   Level
a - Summon Small Mammal   Summ           68%        N/A       3%          1

Your spell library contained the following spells:

 Spells                   Type           Power      Damage    Failure   Level
 Call Imp                 Summ           17%        N/A       4%          2
 Call Canine Familiar     Summ           17%        N/A       9%          3
 Summon Guardian Golem    Hex/Summ       9%         N/A       22%         3
 Summon Lightning Spire   Summ/Air       9%         N/A       58%         4


Dungeon Overview and Level Annotations

Branches:
Dungeon (2/15)

Altars:


Innate Abilities, Weirdness & Mutations

You cannot wear most types of armour.
You are amphibious.
You can wear up to eight rings at the same time.
Your skin changes colour to match your surroundings (Stealth+).
Your rubbery body absorbs attacks. (AC +1, EV +1)
((You are camouflaged when in or above water. (Stealth+)))
You have tentacles for arms and can constrict up to eight enemies at once.


Message History

The bat is heavily wounded.
The bat barely misses you. The hobgoblin misses you.
You tentacle-slap the hobgoblin but do no damage.
Your grab misses the hobgoblin. The hobgoblin hits you. The bat misses you.
You are too injured to fight recklessly!
You are too injured to fight recklessly!
You are too injured to fight recklessly!
You are too injured to fight recklessly!
You are too injured to fight recklessly!
You are too injured to fight recklessly!
You are too injured to fight recklessly!
You are too injured to fight recklessly!
You are too injured to fight recklessly!
You are too injured to fight recklessly!
You are too injured to fight recklessly!
You are too injured to fight recklessly!
You are too injured to fight recklessly!
You are too injured to fight recklessly!
You are too injured to fight recklessly!
You are too injured to fight recklessly!
You are too injured to fight recklessly!
You are too injured to fight recklessly!
You are too injured to fight recklessly!
You are too injured to fight recklessly!
Unknown command.
Casting: Summon Small Mammal (safe; 3% risk of failure)
Confirm with . or Enter, or press ? or * to list all spells.
A bat comes into view.
The bat hits you but does no damage. The bat barely misses you.
The hobgoblin hits you.
* * * LOW HITPOINT WARNING * * *
The giant cockroach closely misses you.
The bat moves out of view.
The bat hits you.
* * * LOW HITPOINT WARNING * * *
Your bat closely misses the bat.
Casting: Summon Small Mammal (safe; 3% risk of failure)
Confirm with . or Enter, or press ? or * to list all spells.
The bat closely misses you.
Your bat hits the giant cockroach. The bat misses you. The hobgoblin hits you.
You die...

.. ##......# ♣....
.##.#.#..#..### ♣....
#........#.#.... ......
#.[.....#...#... ......
#..#######.#####
......#####..#≈≈#.......#≈
....[...r....#≈#.........#
........g....##...........
.......Bb@...#............
.....#b.##..##............
........#..#$#............
..........#.........<.....
...........#.#............
..!....#....##............
#########....#............
##...##...........
#...#≈#.........#


You could see a giant cockroach, a hobgoblin (ally target), a bat (ally target),
a friendly bat (summoned) and a friendly rat (summoned).

Vanquished Creatures
  A bat (D:1)
  2 endoplasms
  A giant cockroach (D:2)
  A quokka (D:1)
  2 goblins (D:1)
  A rat (D:1)
8 creatures vanquished.

Vanquished Creatures (collateral kills)
  2 quokkas (D:1)
2 creatures vanquished.

Vanquished Creatures (others)
  A plant (D:1)
1 creature vanquished.

Grand Total: 11 creatures vanquished

Notes
Turn   | Place    | Note
-------+----------+-------------------------------------------
     0 | D:1      | ChickenMitten the Octopode Summoner began the quest for the
                  | Orb.
     0 | D:1      | Reached XP level 1. HP: 11/11 MP: 3/3
   386 | D:1      | Reached XP level 2. HP: 17/17 MP: 5/5
   456 | D:1      | You fall into a shaft and drop 1 floor!
   587 | D:1      | Slain by a hobgoblin

Illustrated notes

Levels and vault maps discovered:
D:1:      psy_arrival_dodecagon, layout_basic, serial_forest,
          infiniplex_forest_clump_tiny, infiniplex_forest_lined_3,
          infiniplex_forest_split, infiniplex_forest_clump_large,
          infiniplex_forest_clump_double, infiniplex_forest_end_1,
          minmay_pentomino_v2
D:2:      layout_basic, minmay_stone_trees_medium, kennysheep_generic_room_6,
          uniq_jessica, uniq_crazy_yiuf_cottage, uniq_natasha

Action                   || total
-------------------------++-------
Melee: Unarmed           ||    41
       Constrict         ||    10
       Tentacles         ||     6
       Punch             ||     2
 Cast: Summon Small Mamm ||     4
 Stab: Sleeping          ||     5
Armor: Skin              ||    10
Dodge: Dodged            ||    28
